 Dungeon Crawl Stone Soup version 0.30.1 (webtiles) character file.

Game seed: 6039179523342897360

10377 booth the Sneak (level 11, -12/74 HPs)
             Began as a Grey Draconian Air Elementalist on July 9, 2023.
             Was an Elder of Sif Muna.
             Hit by a large rock thrown by a cyclops (26 damage)
             ... on level 11 of the Dungeon on July 11, 2023.
             The game lasted 01:55:25 (14718 turns).

booth the Sneak (Grey Draconian Air Elementalist)  Turns: 14718, Time: 01:55:26

Health: -12/74     AC: 17    Str: 13    XL:     11   Next: 35%
Magic:  20/21      EV: 20    Int: 20    God:    Sif Muna [****..]
Gold:   302        SH:  6    Dex: 17    Spells: 1/23 levels left

rFire   . . .        z - +8 rapier "Hal Rone" {chaos, Str+3 Int+2 Stlth+}
rCold   + . .        g - +2 buckler
rNeg    . . .        (body armour unavailable)
rPois   +            (helmet restricted)
rElec   .            C - +1 cloak of Ekacem {rC+ Dex+3 Stlth+}
rCorr   .            l - +1 pair of gloves
SInv    .            o - +0 pair of boots
Will    .....        d - amulet of magic regeneration
Stlth   ++++++       i - +5 ring of evasion
HPRegen 0.32/turn    I - ring of poison resistance
MPRegen 0.57/turn

%: no passive effects
@: about to teleport
A: AC +12, amphibious, unfitting armour, cold-blooded
a: Renounce Religion, Channel Magic, Forget Spell, Divine Exegesis


You were on level 11 of the Dungeon.
You worshipped Sif Muna.
Sif Muna was greatly pleased with you.
You visited 2 branches of the dungeon, and saw 12 of its levels.

You collected 549 gold pieces.
You spent 247 gold pieces at shops.

Inventory:

Hand Weapons
 u - a +1 whip of electrocution
 z - the +8 rapier "Hal Rone" (weapon) {chaos, Str+3 Int+2 Stlth+}
   (You took it off a kobold brigand on level 6 of the Dungeon)

   Str:       It affects your strength (+3).
   Int:       It affects your intelligence (+2).
   Stlth:     It makes you more stealthy.
Missiles
 y - 4 boomerangs (quivered)
 A - 44 poisoned darts
 F - 2 throwing nets
 M - a curare-tipped dart
Armour
 g - a +2 buckler (worn)
 l - a +1 pair of gloves (worn)
 o - a +0 pair of boots (worn)
 C - the +1 cloak of Ekacem (worn) {rC+ Dex+3 Stlth+}
   (You bought it in a shop on level 2 of the Dungeon)

   Dex:       It affects your dexterity (+3).
   rC:        It protects you from cold.
   Stlth:     It makes you more stealthy.
Magical Staves
 q - a staff of air
Jewellery
 d - an amulet of magic regeneration (around neck)
 i - a +5 ring of evasion (left hand)
 x - a ring of ice
 I - a ring of poison resistance (right hand)
Wands
 p - a wand of flame (5)
 r - a wand of light (4)
 v - a wand of iceblast (3)
 B - a wand of polymorph (5)
 E - a wand of mindburst (4)
Scrolls
 e - 2 scrolls of fear
 h - 8 scrolls of teleportation
 j - a scroll of blinking
 k - a scroll of vulnerability
 t - 2 scrolls of identify
 w - a scroll of poison {unknown}
 G - a scroll of amnesia
Potions
 a - a potion of magic
 b - a potion of heal wounds
 c - 3 potions of brilliance
 f - 3 potions of lignification
 m - 4 potions of flight
 n - 2 potions of haste
 s - 3 potions of ambrosia
 D - 2 potions of berserk rage
 H - a potion of cancellation
 J - 2 potions of might
 K - 2 potions of curing
 L - a potion of mutation


   Skills:
 + Level 1.7(4.2) Maces & Flails
 - Level 6.1(6.3) Staves
 - Level 6.2 Dodging
 + Level 7.3 Stealth
 + Level 6.7 Spellcasting
 + Level 6.8 Conjurations
 + Level 6.6 Ice Magic
 - Level 3.4 Air Magic
 + Level 7.3 Earth Magic


You had one spell level left.
You knew the following spells:

 Your Spells              Type           Power      Damage    Failure   Level
a - Shock                 Conj/Air       100%       1d9       1%          1
b - Static Discharge      Conj/Air       54%        2-5/arc   2%          2
c - Swiftness             Air            20%        N/A       10%         3
d - Freeze                Ice            100%       1d10      1%          1
e - Hailstorm             Conj/Ice       33%        3d8       2%          3
f - Frozen Ramparts       Ice            66%        1d10      2%          3
g - Cigotuvi's Dreadful   Necr/Pois/Air  22%        N/A       13%         2
h - Poisonous Vapours     Pois/Air       26%        N/A       11%         2
i - Lee's Rapid Deconstr  Erth           17%        3d11*     19%         5

Your spell library contained the following spells:

 Spells                   Type           Power      Damage    Failure   Level
 Foxfire                  Conj/Fire      80%        2x1d8     3%          1
 Slow                     Hex            24%        N/A       14%         1
 Sting                    Tmut/Pois      24%        1d4       14%         1
 Vhi's Electric Charge    Tloc/Air       26%        N/A       21%         3
 Leda's Liquefaction      Hex/Erth       10%        N/A       30%         4
 Airstrike                Air            10%        2d(2-18)  32%         4
 Ice Form                 Ice/Tmut       20%        N/A       34%         4
 Summon Ice Beast         Ice/Summ       20%        N/A       34%         4
 Confusing Touch          Hex            6%         N/A       38%         3
 Spider Form              Tmut/Pois      6%         N/A       38%         3
 Summon Guardian Golem    Hex/Summ       6%         N/A       38%         3
 Vampiric Draining        Necr           6%         2d6       38%         3
 Summon Lightning Spire   Summ/Air       13%        N/A       56%         4
 Fireball                 Conj/Fire      10%        3d6       67%         5
 Dispel Undead            Necr           6%         3d8       80%         4
 Silence                  Hex/Air        6%         N/A       88%         5
 Starburst                Conj/Fire      10%        6d5       99%         6
 Statue Form              Tmut/Erth      14%        N/A       99%         6
 Death Channel            Necr           3%         N/A       100%        6
 Eringya's Noxious Bog    Tmut/Pois      3%         N/A       100%        6
 Plasma Beam              Fire/Air       6%         2x1d18    100%        6
 Orb of Destruction       Conj           17%        9d7       100%        7
 Spellforged Servitor     Conj/Summ      10%        N/A       100%        7
 Maxwell's Capacitive Co  Air            10%        ∞         100%        8


Dungeon Overview and Level Annotations

Branches:
Dungeon (11/15)            Temple (1/1) D:4            Lair (0/5) D:10
    Orc (0/2) D:10

Altars:
Ashenzari
Cheibriados
Dithmenos
Elyvilon
Fedhas
Gozag
Hepliaklqana
Kikubaaqudgha
Makhleb
Nemelex Xobeh
Okawaru
Qazlal
Ru
Sif Muna
Trog
Uskayaw
Vehumet
Wu Jian
Xom
Yredelemnul
Zin
The Shining One

Shops:
D:2 [   D:6 (

Annotations:
D:10 exclusion: oklob plant
D:11 1 runed translucent door, Amaemon


Innate Abilities, Weirdness & Mutations

Your dull iron-grey scales are very hard. (AC +12)
You are amphibious.
You cannot fit into any form of body armour.
You are cold-blooded and may be slowed by cold attacks.


Message History

Okay, then.
The cyclops throws a large rock.
The large rock hits you!!
Casting: Shock (safe; 1% risk of failure)
Confirm with . or Enter, or press ? or * to list all spells.
Aiming: Shock (safe; 1% risk of failure)
Press: ? - help, Shift-Dir - straight line, f/p - cyclops
Aim: a cyclops, quivering large rocks (moderately wounded, 98% to hit)
The zap hits the cyclops but does no damage.
The cyclops is moderately wounded.
The zap hits the cyclops!
The cyclops is moderately wounded.
The cyclops throws a large rock.
The large rock hits you but does no damage.
There is an open door here.
Casting: Shock (safe; 1% risk of failure)
Confirm with . or Enter, or press ? or * to list all spells.
Aiming: Shock (safe; 1% risk of failure)
Press: ? - help, Shift-Dir - straight line, f/p - cyclops
Aim: a cyclops, quivering large rocks (moderately wounded, 98% to hit)
The zap hits the cyclops.
The cyclops is heavily wounded.
The cyclops throws a large rock.
The large rock hits you!!
* * * LOW HITPOINT WARNING * * *
As you read the scroll of teleportation, it crumbles to dust.
You feel strangely unstable.
Casting: Shock (safe; 1% risk of failure)
Confirm with . or Enter, or press ? or * to list all spells.
Casting: Hailstorm (mildly dangerous; 2% risk of failure)
Press: ? - help, Dir - look around, f - activate A cannonade of hail descends around you!
The hail pelts the cyclops!
The cyclops is severely wounded.
You puncture the cyclops! You freeze the cyclops.
The cyclops is almost dead.
The cyclops hits you but does no damage.
You puncture the cyclops!
You kill the cyclops!
Sif Muna accepts your kill.
The cyclops throws a large rock.
The large rock hits you!!
You die...

...##.#.# #.....#.# #.......#
#C....... #........
#########........
#................
###############..C.####.......
#......[.....@(....'.........>
###.###########....#########.#
#)..# #..........###.. ###.#
####............ #.#
#........#### ##'#####
########.# #......# #.#
#......# #.# #......# #.#


You could see a cyclops.

Vanquished Creatures
  A two-headed ogre (D:11)
  2 ugly things
  A cyclops (D:11)
  Maggie (D:7)
  A kobold demonologist (D:10)
  A troll (D:9)
  A hornet (D:11)
  Sigmund (D:6)
  9 yaks
  A wraith (D:10)
  Grum (D:11)
  Eustachio (D:4)
  Menkaure (D:7)
  2 steam dragons
  4 vampire mosquitoes (D:10)
  2 acid dragons
  2 black bears
  2 orc warriors
  2 ice beasts
  2 sky beasts
  2 ogres (D:5)
  4 wolves (D:11)
  2 centaurs (D:10)
  3 phantoms
  5 kobold brigands
  5 bullfrogs
  2 scorpions
  8 wights
  18 killer bees
  A howler monkey (D:5)
  2 gnoll boudas (D:8)
  4 orc priests
  3 hounds
  Ijyb (D:3)
  A sleepcap (D:8)
  4 iguanas
  6 orc wizards
  Terence (D:3)
  6 adders
  8 gnolls (D:8)
  A shadow imp (D:3)
  2 ufetubi (D:5)
  5 worms
  2 dart slugs (D:4)
  40 orcs
  6 ball pythons
  3 endoplasms
  5 giant cockroaches
  13 goblins
  8 hobgoblins
  7 jackals
  3 quokkas
  7 bats
  5 frilled lizards
  29 kobolds
  6 rats
266 creatures vanquished.

Vanquished Creatures (collateral kills)
  2 vampire mosquitoes (D:10)
2 creatures vanquished.

Vanquished Creatures (others)
  A vampire mosquito zombie (D:10)
  A hobgoblin (D:4)
2 creatures vanquished.

Grand Total: 270 creatures vanquished

Notes
Turn   | Place    | Note
-------+----------+-------------------------------------------
     0 | D:1      | booth the Draconian Air Elementalist began the quest for
                  | the Orb.
     0 | D:1      | Reached XP level 1. HP: 14/14 MP: 3/3
   315 | D:1      | Reached XP level 2. HP: 6/20 MP: 3/5
   716 | D:1      | Learned a level 2 spell: Static Discharge
  1033 | D:1      | Reached XP level 3. HP: 23/26 MP: 3/6
  1254 | D:2      | Learned a level 3 spell: Swiftness
  1321 | D:2      | Found Cedueshi's Antique Armour Boutique.
  1842 | D:2      | Reached XP level 4. HP: 33/33 MP: 5/7
  2313 | D:3      | Found an ornate altar of the Wu Jian Council.
  2443 | D:3      | Reached skill level 1 in Ice Magic
  2465 | D:3      | Found a stormy altar of Qazlal.
  2465 | D:3      | Noticed a sky beast
  2794 | D:3      | Learned a level 1 spell: Freeze
  2954 | D:3      | Noticed Ijyb
  2969 | D:3      | Killed Ijyb
  2970 | D:3      | Reached XP level 5. HP: 15/38 MP: 1/9
  3087 | D:3      | Found a faded altar of an unknown god.
  3207 | D:3      | Noticed Terence
  3222 | D:3      | Killed Terence
  3445 | D:3      | Killed a sky beast
  3446 | D:3      | Reached XP level 6. HP: 42/45 MP: 8/10
  3654 | D:4      | Learned a level 3 spell: Hailstorm
  3658 | D:4      | Noticed Eustachio
  3668 | D:4      | Reached skill level 1 in Staves
  3686 | D:4      | Killed Eustachio
  4451 | D:4      | Found a staircase to the Ecumenical Temple.
  4459 | Temple   | Entered the Ecumenical Temple
  4479 | Temple   | Became a worshipper of Sif Muna the Loreminder
  4626 | D:5      | Entered Level 5 of the Dungeon
  4738 | D:5      | Your scales start taking on a dull iron-grey colour.
  4738 | D:5      | Reached XP level 7. HP: 47/50 MP: 5/11
  4750 | D:5      | Found a blossoming altar of Fedhas.
  4826 | D:5      | Found an ancient bone altar of Kikubaaqudgha.
  4922 | D:5      | Found a burning altar of Makhleb.
  4922 | D:5      | Noticed a cacodemon
  5006 | D:5      | Reached skill level 1 in Earth Magic
  5243 | D:5      | Reached XP level 8. HP: 57/57 MP: 7/13
  5381 | D:5      | Learned a level 3 spell: Frozen Ramparts
  5692 | D:6      | Found a large runed translucent door.
  5692 | D:6      | Found a large runed translucent door.
  5696 | D:6      | Found a shimmering altar of Xom.
  5700 | D:6      | Identified the +8 rapier "Hal Rone" {chaos, Str+3 Int+2
                  | Stlth+}
  6026 | D:6      | Found a glowing golden altar of the Shining One.
  6057 | D:6      | Reached * piety under Sif Muna
  6125 | D:6      | Found Happ's Antique Weapon Shop.
  6988 | D:7      | Noticed Maggie
  7008 | D:7      | Killed Maggie
  7009 | D:7      | Reached skill level 5 in Stealth
  7009 | D:7      | Reached XP level 9. HP: 16/62 MP: 4/15
  7483 | D:7      | Found a broken altar of Ashenzari.
  7502 | D:7      | Noticed Menkaure
  7512 | D:7      | Killed Menkaure
  7881 | D:6      | Reached ** piety under Sif Muna
  7892 | D:6      | Noticed Sigmund
  8022 | D:2      | Bought a faintly humming cloak for 247 gold pieces
  8022 | D:2      | Identified the +1 cloak of Ekacem {rC+ Dex+3 Stlth+} (You
                  | bought it in a shop on level 2 of the Dungeon)
  8269 | D:6      | Reached skill level 5 in Conjurations
  8286 | D:6      | Reached skill level 5 in Spellcasting
  8404 | D:6      | Killed Sigmund
  8405 | D:6      | Reached skill level 5 in Dodging
  8405 | D:6      | Reached skill level 5 in Earth Magic
  8450 | D:6      | Learned a level 2 spell: Cigotuvi's Dreadful Rot
  8689 | D:7      | Identified the +1 robe "Huckaleg" {Int+2 Dex+3}
  8779 | D:7      | Reached skill level 5 in Ice Magic
 10001 | D:8      | Reached XP level 10. HP: 59/69 MP: 16/18
 10005 | D:8      | Reached skill level 5 in Staves
 10207 | D:8      | Found an opulent altar of Gozag.
 10335 | D:8      | Reached *** piety under Sif Muna
 10524 | D:8      | You fall into a shaft and drop 2 floors!
 10524 | D:10     | Entered Level 10 of the Dungeon
 10581 | D:9      | Identified a scroll of acquirement
 10592 | D:9      | Acquired the Compendium of the Turbulent Scorpion
 10597 | D:9      | Learned a level 2 spell: Poisonous Vapours
 11003 | D:9      | Noticed a white ugly thing
 11017 | D:9      | Killed a white ugly thing
 12187 | D:10     | Found a bloodstained altar of Trog.
 12350 | D:10     | Found a staircase to the Lair.
 12405 | D:10     | Reached XP level 11. HP: 70/74 MP: 18/20
 12409 | D:10     | Found a staircase to the Orcish Mines.
 12441 | D:10     | Found a white marble altar of Elyvilon.
 12607 | D:10     | Reached **** piety under Sif Muna
 12725 | D:10     | Noticed an oklob plant
 13235 | D:10     | Noticed a sun demon
 13496 | D:10     | Found a glowing silver altar of Zin.
 13505 | D:10     | Found a radiant altar of Vehumet.
 13601 | D:11     | Learned a level 5 spell: Lee's Rapid Deconstruction
 13786 | D:11     | Noticed a purple ugly thing
 13944 | D:11     | Found a runed translucent door.
 13949 | D:11     | Noticed a +1 demon trident of pain
 13950 | D:11     | Noticed a +0 vampiric demon whip
 13951 | D:11     | Noticed a +1 demon blade of draining
 14077 | D:11     | Noticed Amaemon
 14152 | D:11     | Killed a purple ugly thing
 14308 | D:11     | Reached skill level 1 in Maces & Flails
 14422 | D:11     | Noticed Grum
 14431 | D:11     | Killed Grum
 14489 | D:11     | Noticed a two-headed ogre
 14501 | D:11     | Killed a two-headed ogre
 14718 | D:11     | Hit by a large rock thrown by a cyclops

Illustrated notes

Levels and vault maps discovered:
D:1:      scummos_arrival_forest, layout_loops_ring, serial_bayou,
          serial_bayou_pond_e, serial_bayou_shore_a, serial_bayou_lake_a,
          serial_bayou_pond_b
D:2:      layout_basic, serial_shops, shop
D:3:      layout_loops_cross, mainiacjoe_overflow_cross_hatched,
          nicolae_qazlal_beasts_of_the_sky,
          shapermc_ecumenical_altar_totnotflames, uniq_ijyb, uniq_terence
D:4:      corexii_shack_village, layout_loops_ring,
          minmay_temple_entry_enclosed_plants, uniq_eustachio
D:5:      layout_basic, makhleb_altar_promises_db, mainiacjoe_overflow_brackets,
          mainiacjoe_overflow_paths
D:6:      due_chaos_kobolds, layout_loops_corners, nicolae_tso_carved_into_rock,
          serial_shops, kennysheep_little_box, chequers_jeans,
          chequers_serial_rivers_micro_b, uniq_sigmund
D:7:      layout_layer_cave, kennysheep_mini, uniq_menkaure, uniq_maggie
D:8:      layout_basic, mainiacjoe_overflow_boulevard, grunt_ministairs_11
D:9:      layout_roguey, kennysheep_generic_room_9
D:10:     layout_stronghold, elyvilon_altar_5, nicolae_overflow_hidden_temple,
          dpeg_oklobed_lair, minmay_orc_entry_temple_small,
          kennysheep_generic_room_15
D:11:     layout_basic, nicolae_danse_macabre, uniq_amaemon, uniq_grum
Temple:   hellmonk_temple_rainy

Skill      XL: |  1  2  3  4  5  6  7  8  9 10 11 |
---------------+----------------------------------+-----
Stealth        | 2 3 4 5 6 7 |  7.3
Dodging        | 2 3 4 5 6 |  6.2
Ice Magic      | 1 2 3 4 5 6 |  6.6
Conjurations   | 2 3 4 5 6 |  6.8
Staves         | 1 2 3 4 6 |  6.1
Spellcasting   | 3 4 5 6 |  6.7
Air Magic      | 3 |  3.4
Earth Magic    | 2 4 5 6 7 |  7.3
Maces & Flails | 1 |  1.7

Action                     |  1- 3 |  4- 6 |  7- 9 | 10-12 || total
---------------------------+-------+-------+-------+-------++-------
  Melee: Unarmed           |    18 |       |       |       ||    18
         Tailslap          |     4 |     3 |     8 |    18 ||    33
         Short sword       |     7 |    14 |       |       ||    21
         Staff             |       |    41 |    29 |       ||    70
         Rapier            |       |       |    42 |    91 ||   133
         Punch             |       |       |     1 |       ||     1
  Throw: Boomerang         |       |       |     2 |     1 ||     3
         Dart              |       |       |     1 |       ||     1
   Cast: Shock             |    92 |   150 |   199 |   206 ||   647
         Static Discharge  |       |    12 |    33 |     5 ||    50
         Freeze            |       |     5 |     1 |       ||     6
         Swiftness         |       |     1 |     1 |       ||     2
         Frozen Ramparts   |       |       |     1 |    10 ||    11
         Poisonous Vapours |       |       |       |     2 ||     2
         Hailstorm         |       |       |       |     1 ||     1
    Use: Scroll            |     3 |     5 |     5 |     7 ||    20
         Potion            |     1 |     6 |     6 |     2 ||    15
   Stab: Sleeping          |       |     1 |     2 |       ||     3
 Armour: Skin              |    14 |    31 |    87 |    70 ||   202
  Dodge: Dodged            |    37 |    60 |   264 |   193 ||   554
  Block: Buckler           |       |       |       |    16 ||    16
